 Dungeon Sprint DCSS version 0.17-a0-1805-g6093636 (webtiles) character file.

60925 Kidiri the Imperceptible (level 13, -18/55 HPs)
             Began as a Spriggan Enchanter on Sept 12, 2015.
             Was the Champion of Dithmenos.
             Demolished by an azure jelly (28 damage)
             ... in the Dungeon (Sprint III: "The Ten Rune Challenge").
             The game lasted 00:32:27 (4390 turns).

Kidiri the Imperceptible (Spriggan Enchanter)       Turns: 4390, Time: 00:32:27

Health: -18/55     AC:  4    Str:  4    XL:     13   Next: 34%
Magic:  39/45      EV: 36    Int: 21    God:    Dithmenos [******]
Gold:   900        SH:  0    Dex: 19    Spells: 5 memorised, 36 levels left

rFire  x . .     SeeInvis +     v - +7 dagger of Armageddon {freeze, +Rage rF- MR+ Int+2}
rCold  . . .     Clarity  .     b - +1 robe
rNeg   . . .     SustAt   .     (shield restricted)
rPois  .         Gourm    .     u - +0 hat
rElec  .         Spirit   .     e - +0 cloak
rCorr  .         Warding  .     (gloves unavailable)
rMut   .         NoTele   +     (boots unavailable)
MR     +++..                    (no amulet)
Stlth  ++++++++++               (no ring)
                                k - ring of magical power

@: wreathed by umbra, very quick, extremely resistant to hostile enchantments,
uncannily stealthy
A: unfitting armour, hooves 1, see invisible, herbivore 3, speed 3, mutation
resistance 1, slow metabolism 2, spit poison 1
a: Spit Poison, Shadow Step, Shadow Form, Renounce Religion, Evoke Berserk Rage
}: 2/10 runes: serpentine, barnacled


You were in the Dungeon.
You worshipped Dithmenos.
Dithmenos was exalted by your worship.
You were not hungry.

You visited 1 branch You collected 1061 gold pieces.
You spent 161 gold pieces at shops.

Inventory:

Hand weapons
 r - a +2 dagger of draining
 v - the +7 dagger of Armageddon (weapon) {freeze, +Rage rF- MR+ Int+2}
   (You bought it in a shop in the Dungeon)

   It has been specially enchanted to freeze those struck by it, causing extra
   injury to most foes and up to half again as much damage against particularly
   susceptible opponents.
   It can also slow down cold-blooded creatures.
   It affects your intelligence (+2).
   It makes you vulnerable to fire.
   It affects your resistance to hostile enchantments.
   It lets you go berserk.
Missiles
 s - 10 throwing nets (quivered)
Armour
 b - a +1 robe (worn)
 e - a +0 cloak (worn)
 u - a +0 hat (worn)
Jewellery
 k - a ring of magical power (left hand)
Magical devices
 a - a wand of enslavement (9)
 t - a wand of enslavement (14)
Scrolls
 d - a scroll of enchant weapon {unknown}
 f - 2 scrolls of torment {unknown}
 j - a scroll of blinking
 p - a scroll of remove curse
Potions
 g - a potion of haste
 h - 2 potions of magic
 i - a potion of berserk rage
 l - 4 potions of might
 n - a potion of cure mutation
 o - 4 potions of flight
 q - a potion of curing
Comestibles
 c - 22 royal jellies
 m - 15 fruits


   Skills:
 + Level 12.2 Short Blades
 * Level 20.9 Dodging
 * Level 22.3 Stealth
 * Level 18.0 Spellcasting
 + Level 8.5 Conjurations
 + Level 13.7 Hexes
 + Level 9.4 Ice Magic
 + Level 10.4 Invocations


You had 36 spell levels left.
You knew the following spells:

 Your Spells              Type           Power        Failure   Level  Hunger
a - Corona                Hex            ######.      0%          1    None
b - Ensorcelled Hibernat  Hex/Ice        ######       1%          2    None
c - Confuse               Hex            ######..     1%          3    None
d - Tukima's Dance        Hex            ######..     1%          3    None
e - Dazzling Spray        Conj/Hex       ######..     1%          3    None


Dungeon Overview and Level Annotations

Branches:
Dungeon (1/1)

Altars:
Cheibriados
Dithmenos
Elyvilon
Fedhas
Gozag
Kikubaaqudgha
Makhleb
Nemelex Xobeh
Okawaru
Qazlal
Ru
Sif Muna
Trog
Vehumet
Xom
Yredelemnul
Zin
The Shining One
Jiyva
Lugonu

Shops:
D [!:([!:


Innate Abilities, Weirdness & Mutations

You are tiny and cannot use many weapons and most armour.
You have supernaturally acute eyesight.
You are a herbivore.
You cover ground extremely quickly.
You need consume almost no food.
You have large cloven feet.
You are somewhat resistant to further mutation.
You can spit weak poison.


Message History

The azure jelly is lightly wounded.
The azure jelly quivers. x2
Unknown command.
Casting: Dazzling Spray
Confirm with . or Enter, or press ? or * to list all spells.
Aiming: Dazzling Spray
Press: ? - help, Shift-Dir - straight line, f/p - azure jelly
Aim: an azure jelly (umbra)
The spray of energy hits the azure jelly.
The azure jelly is lightly wounded.
Your shadow mimicks your spell!
The shadow shard hits the azure jelly.
The azure jelly hits you. The azure jelly freezes you!!!
Ouch! That really hurt!
* * * LOW HITPOINT WARNING * * *
You emit a cloud of dark smoke.
The azure jelly hits you.
* * * LOW HITPOINT WARNING * * *
The azure jelly freezes you!!
Ouch! That really hurt!
You die...

▓.................#__
▓▓▓▓▓▓▓▓▓▓▓▓▓▓▓▓▓▓▓▓▓
▓...+≈.§§≈§≈≈≈♣♣....
▓.%P#.≈§§§§≈≈≈♣♣.≈≈≈
▓.PP#≈≈§§§§§≈≈≈'....
▓.%P#≈≈§≈§§§≈≈♣♣♣♣♣♣
▓.%%#≈.≈≈≈§≈≈≈♣
▓##+####'#######♣
▓§§@§.......)...♣♣
▓#J#############+♣
▓.J.#≈...........♣
▓J.J+≈≈...########♣♣
▓...#≈≈≈...........♣
▓...#≈≈≈≈..........♣
#+#############+####
#..... #.....


You could see 4 azure jellies.

Vanquished Creatures
  Rupert (D)
  A kraken (D)
  Gastronok (D)
  A greater naga (D)
  Maud (D)
  2 dire elephants (D)
  Erolcha (D)
  A naga warrior (D)
  3 anacondas (D)
  2 hydras (D)
  2 alligator snapping turtles (D)
  4 death yaks (D)
  A death drake (D)
  A lindwurm (D)
  2 deep elf summoners (D)
  A spriggan druid (D)
  An orc knight (D)
  A guardian serpent (D)
  2 elephants (D)
  5 black mambas (D)
  A komodo dragon (D)
  2 spiny frogs (D)
  A fire drake (D)
  2 deep elf priests (D)
  A queen bee (D)
  3 wandering mushrooms (D)
  8 blink frogs (D)
  3 snapping turtles (D)
  4 redbacks (D)
  2 trapdoor spiders (D)
  2 spriggans (D)
  A shadow (D)
  A naga (D)
  2 hill giants (D)
  4 water moccasins (D)
  A spatial vortex (D)
  A swamp drake (D)
  An orc warrior (D)
  A necrophage (D)
  3 two-headed ogres (D)
  A water elemental (D)
  2 brain worms (D)
  32 killer bees (D)
  A scorpion (D)
  An electric eel (D)
  A wizard (D)
  A jelly (D)
  4 orc priests (D)
  A necromancer (D)
  2 orc wizards (D)
  A kobold demonologist (D)
  3 humans (D)
  6 adders (D)
  An ooze (D)
  10 orcs (D)
  3 rats (D)
  A plant (D)
  3 tentacles (D)
152 creatures vanquished.

Vanquished Creatures (collateral kills)
  A deep elf conjurer (D)
  A deep elf priest (D)
  A naga (D)
3 creatures vanquished.

Vanquished Creatures (others)
  2 draconian scorchers (D)
  An alligator snapping turtle (D)
  2 dancing weapons (D)
  2 yaktaurs (D)
  2 fungi (D)
  11 plants (D)
  18 tentacles (D)
  287 tentacle segments (D)
325 creatures vanquished.

Grand Total: 480 creatures vanquished

Notes
Turn   | Place    | Note
--------------------------------------------------------------
     0 | D        | Kidiri the Spriggan Enchanter began the quest for the Orb.
     0 | D        | Reached XP level 1. HP: 9/9 MP: 5/5
     9 | D        | Reached skill level 5 in Stealth
   185 | D        | Killed a yaktaur
   206 | D        | Killed a white draconian scorcher
   209 | D        | Killed a white draconian scorcher
   224 | D        | Reached skill level 6 in Stealth
   224 | D        | Reached XP level 2. HP: 13/13 MP: 8/8
   334 | D        | Learned a level 2 spell: Ensorcelled Hibernation
   343 | D        | Noticed a scorpion
   350 | D        | Killed a scorpion
   350 | D        | Reached skill level 7 in Stealth
   350 | D        | Reached skill level 5 in Spellcasting
   350 | D        | Reached skill level 1 in Ice Magic
   350 | D        | Reached XP level 3. HP: 16/16 MP: 10/10
   350 | D        | Reached XP level 4. HP: 21/21 MP: 12/12
   355 | D        | Learned a level 3 spell: Confuse
   359 | D        | Learned a level 3 spell: Tukima's Dance
   363 | D        | Learned a level 3 spell: Dazzling Spray
   382 | D        | Gained mutation: You are clumsy. (Dex -2) [potion of mutation]
   382 | D        | Gained mutation: You have a pair of small antennae on your head. [potion of mutation]
   382 | D        | Gained mutation: You are frail (-10% HP). [potion of mutation]
   383 | D        | Lost mutation: You are frail (-10% HP). [potion of cure mutation]
   383 | D        | Lost mutation: You are clumsy. (Dex -2) [potion of cure mutation]
   383 | D        | Lost mutation: You have a pair of small antennae on your head. [potion of cure mutation]
   384 | D        | Gained mutation: You are somewhat resistant to further mutation. [potion of mutation]
   385 | D        | Gained mutation: You have large cloven feet. [potion of mutation]
   386 | D        | Gained mutation: You can spit weak poison. [potion of mutation]
   437 | D        | Noticed a water elemental
   439 | D        | Killed a water elemental
   439 | D        | Reached skill level 8 in Stealth
   439 | D        | Reached skill level 1 in Conjurations
   439 | D        | Reached skill level 5 in Hexes
   448 | D        | Noticed a jelly
   449 | D        | Noticed a shadow
   451 | D        | Killed a shadow
   451 | D        | Reached skill level 10 in Stealth
   451 | D        | Reached XP level 5. HP: 24/24 MP: 15/15
   451 | D        | Reached XP level 6. HP: 28/28 MP: 17/17
   455 | D        | Killed a jelly
   469 | D        | Found a stormy altar of Qazlal.
   470 | D        | Found a sacrificial altar of Ru.
   470 | D        | Found a burning altar of Makhleb.
   470 | D        | Found a viscous altar of Jiyva.
   470 | D        | Found a shimmering altar of Xom.
   470 | D        | Found a shadowy altar of Dithmenos.
   470 | D        | Found a sparkling altar of Nemelex Xobeh.
   470 | D        | Found a corrupted altar of Lugonu.
   470 | D        | Found an opulent altar of Gozag.
   470 | D        | Noticed a spatial vortex
   473 | D        | Killed a spatial vortex
   473 | D        | Reached skill level 5 in Short Blades
   473 | D        | Reached skill level 11 in Stealth
   475 | D        | Became a worshipper of Dithmenos the Shadowed
   500 | D        | Found a radiant altar of Vehumet.
   501 | D        | Found a deep blue altar of Sif Muna.
   501 | D        | Found an ancient bone altar of Kikubaaqudgha.
   501 | D        | Noticed a wizard
   502 | D        | Killed a wizard
   502 | D        | Reached skill level 10 in Dodging
   519 | D        | Found a glowing silver altar of Zin.
   520 | D        | Found a glowing golden altar of the Shining One.
   520 | D        | Found a white marble altar of Elyvilon.
   520 | D        | Noticed a deep elf priest
   522 | D        | Killed a deep elf priest
   522 | D        | Reached skill level 12 in Stealth
   522 | D        | Reached XP level 7. HP: 32/32 MP: 20/20
   533 | D        | Found an iron altar of Okawaru.
   534 | D        | Found a bloodstained altar of Trog.
   534 | D        | Noticed a human
   534 | D        | Noticed a human
   536 | D        | Killed a human
   537 | D        | Killed a human
   552 | D        | Found a snail-covered altar of Cheibriados.
   552 | D        | Noticed a necrophage
   554 | D        | Noticed a necromancer
   555 | D        | Found a basalt altar of Yredelemnul.
   555 | D        | Found a blossoming altar of Fedhas.
   562 | D        | Killed a necrophage
   562 | D        | Acquired Dithmenos's first power
   562 | D        | Reached XP level 8. HP: 32/36 MP: 19/22
   568 | D        | Killed a necromancer
   662 | D        | Noticed a two-headed ogre
   662 | D        | Noticed a two-headed ogre
   666 | D        | Killed a two-headed ogre
   666 | D        | Reached skill level 13 in Stealth
   666 | D        | Reached skill level 10 in Spellcasting
   668 | D        | Killed a two-headed ogre
   671 | D        | Noticed a two-headed ogre
   672 | D        | Killed a two-headed ogre
   677 | D        | Noticed a hill giant
   680 | D        | Killed a hill giant
   680 | D        | Acquired Dithmenos's second power
   686 | D        | Noticed a hill giant
   686 | D        | Noticed Erolcha
   688 | D        | Killed Erolcha
   688 | D        | Reached skill level 14 in Stealth
   688 | D        | Reached XP level 9. HP: 39/39 MP: 25/25
   689 | D        | Killed a hill giant
   689 | D        | Reached skill level 5 in Ice Magic
   699 | D        | Noticed a redback
   720 | D        | Killed a redback
   745 | D        | Noticed a trapdoor spider
   751 | D        | Killed a trapdoor spider
   751 | D        | Acquired Dithmenos's third power
  1006 | D        | Noticed a trapdoor spider
  1017 | D        | Killed a trapdoor spider
  1191 | D        | Noticed a killer bee
  1191 | D        | Noticed a killer bee
  1191 | D        | Noticed a killer bee
  1191 | D        | Noticed a killer bee
  1191 | D        | Noticed a killer bee
  1191 | D        | Noticed a killer bee
  1191 | D        | Noticed a killer bee
  1191 | D        | Noticed a killer bee
  1191 | D        | Noticed a killer bee
  1191 | D        | Noticed a killer bee
  1191 | D        | Noticed a killer bee
  1191 | D        | Noticed a killer bee
  1191 | D        | Noticed a killer bee
  1191 | D        | Noticed a killer bee
  1191 | D        | Noticed a killer bee
  1192 | D        | Noticed a killer bee
  1192 | D        | Noticed a killer bee
  1192 | D        | Noticed a killer bee
  1192 | D        | Noticed a queen bee
  1192 | D        | Noticed a killer bee
  1192 | D        | Noticed a killer bee
  1192 | D        | Noticed a killer bee
  1192 | D        | Noticed a killer bee
  1192 | D        | Noticed a killer bee
  1192 | D        | Noticed a killer bee
  1192 | D        | Noticed a killer bee
  1192 | D        | Noticed a killer bee
  1192 | D        | Noticed a killer bee
  1192 | D        | Noticed a killer bee
  1192 | D        | Noticed a killer bee
  1192 | D        | Noticed a killer bee
  1192 | D        | Noticed a killer bee
  1192 | D        | Noticed a killer bee
  1198 | D        | Killed a killer bee
  1200 | D        | Killed a killer bee
  1205 | D        | Killed a killer bee
  1207 | D        | Killed a killer bee
  1207 | D        | Reached skill level 15 in Stealth
  1209 | D        | Killed a killer bee
  1209 | D        | Acquired Dithmenos's fourth power
  1211 | D        | Killed a killer bee
  1213 | D        | Killed a killer bee
  1215 | D        | Killed a killer bee
  1217 | D        | Killed a killer bee
  1217 | D        | Reached skill level 5 in Invocations
  1219 | D        | Killed a killer bee
  1222 | D        | Killed a killer bee
  1224 | D        | Killed a killer bee
  1226 | D        | Killed a killer bee
  1376 | D        | Killed a killer bee
  1378 | D        | Killed a killer bee
  1380 | D        | Killed a killer bee
  1382 | D        | Killed a killer bee
  1384 | D        | Killed a killer bee
  1388 | D        | Killed a killer bee
  1390 | D        | Killed a killer bee
  1390 | D        | Reached skill level 5 in Conjurations
  1392 | D        | Killed a killer bee
  1394 | D        | Killed a killer bee
  1396 | D        | Killed a killer bee
  1398 | D        | Killed a killer bee
  1400 | D        | Killed a killer bee
  1402 | D        | Killed a killer bee
  1404 | D        | Killed a killer bee
  1404 | D        | Reached XP level 10. HP: 44/44 MP: 5/27
  1406 | D        | Killed a queen bee
  1408 | D        | Killed a killer bee
  1557 | D        | Killed a killer bee
  1561 | D        | Killed a killer bee
  1561 | D        | Killed a killer bee
  1562 | D        | Killed a killer bee
  1671 | D        | Noticed a wandering mushroom
  1672 | D        | Noticed a wandering mushroom
  1672 | D        | Noticed a wandering mushroom
  1673 | D        | Killed a wandering mushroom
  1673 | D        | Reached skill level 15 in Dodging
  1675 | D        | Killed a wandering mushroom
  1675 | D        | Reached skill level 16 in Stealth
  1676 | D        | Killed a wandering mushroom
  1711 | D        | Noticed a spiny frog
  1711 | D        | Noticed a komodo dragon
  1711 | D        | Noticed a spiny frog
  1714 | D        | Killed a spiny frog
  1714 | D        | Reached skill level 10 in Hexes
  1717 | D        | Killed a spiny frog
  1719 | D        | Killed a komodo dragon
  1742 | D        | Noticed a redback
  1744 | D        | Killed a redback
  1745 | D        | Noticed a brain worm
  1749 | D        | Killed a brain worm
  1754 | D        | Noticed a brain worm
  1756 | D        | Killed a brain worm
  1762 | D        | Noticed a lindwurm
  1764 | D        | Noticed a redback
  1765 | D        | Killed a lindwurm
  1765 | D        | Reached skill level 17 in Stealth
  1769 | D        | Killed a redback
  1780 | D        | Noticed a redback
  1781 | D        | Killed a redback
  1782 | D        | Noticed Maud
  1785 | D        | Killed Maud
  1785 | D        | Reached XP level 11. HP: 47/47 MP: 30/30
  1794 | D        | Noticed an electric eel
  1795 | D        | Noticed a four-headed hydra
  1795 | D        | Noticed an eight-headed hydra
  1812 | D        | Killed an eight-headed hydra
  1921 | D        | Killed an electric eel
  1924 | D        | Killed a four-headed hydra
  1924 | D        | Reached skill level 18 in Stealth
  1967 | D        | Noticed a death drake
  1970 | D        | Killed a death drake
  1980 | D        | Found a blossoming altar of Fedhas.
  1980 | D        | Noticed a spriggan
  1980 | D        | Noticed a spriggan druid
  1980 | D        | Noticed a spriggan
  1982 | D        | Killed a spriggan druid
  1983 | D        | Killed a spriggan
  1984 | D        | Killed a spriggan
  2007 | D        | Noticed a snapping turtle
  2007 | D        | Noticed a snapping turtle
  2008 | D        | Noticed a kraken
  2008 | D        | Noticed an alligator snapping turtle
  2008 | D        | Noticed an alligator snapping turtle
  2009 | D        | Killed a snapping turtle
  2010 | D        | Noticed an alligator snapping turtle
  2012 | D        | Killed a snapping turtle
  2304 | D        | Noticed a snapping turtle
  2305 | D        | Killed an alligator snapping turtle
  2305 | D        | Reached skill level 10 in Short Blades
  2322 | D        | Killed a snapping turtle
  2323 | D        | HP: 1/47 [alligator snapping turtle (46)]
  2609 | D        | Killed an alligator snapping turtle
  2661 | D        | Killed a kraken
  2661 | D        | Reached skill level 19 in Stealth
  2661 | D        | Reached skill level 15 in Spellcasting
  2757 | D        | Killed an alligator snapping turtle
  2769 | D        | Found Tuovad's Book Boutique.
  2769 | D        | Found Ebawn's Distillery.
  2769 | D        | Found Joengak's Antique Armour Emporium.
  2778 | D        | Got a barnacled rune of Zot
  2831 | D        | Noticed a swamp drake
  2831 | D        | Noticed a fire drake
  2832 | D        | Killed a fire drake
  2834 | D        | Killed a swamp drake
  2842 | D        | Noticed a blink frog
  2843 | D        | Noticed a blink frog
  2843 | D        | Noticed a blink frog
  2843 | D        | Noticed a blink frog
  2843 | D        | Noticed a blink frog
  2844 | D        | Killed a blink frog
  2845 | D        | Killed a blink frog
  2861 | D        | Killed a blink frog
  2871 | D        | Killed a blink frog
  2871 | D        | Reached XP level 12. HP: 27/51 MP: 19/32
  3016 | D        | Killed a blink frog
  3133 | D        | Noticed Rupert
  3135 | D        | Killed Rupert
  3135 | D        | Reached skill level 20 in Stealth
  3156 | D        | Noticed a death yak
  3157 | D        | Noticed a death yak
  3157 | D        | Noticed a blink frog
  3158 | D        | Noticed an azure jelly
  3158 | D        | Noticed a death yak
  3158 | D        | Noticed an azure jelly
  3158 | D        | Noticed a blink frog
  3158 | D        | Noticed a death yak
  3159 | D        | Noticed a blink frog
  3374 | D        | Noticed a black mamba
  3375 | D        | Noticed a black mamba
  3378 | D        | Killed a death yak
  3380 | D        | Killed a black mamba
  3388 | D        | Killed a death yak
  3393 | D        | Killed a death yak
  3396 | D        | Killed a death yak
  3403 | D        | Killed a blink frog
  3405 | D        | Killed a black mamba
  3412 | D        | Killed a blink frog
  3424 | D        | Killed a blink frog
  3556 | D        | Killed a yaktaur
  3562 | D        | Noticed an anaconda
  3562 | D        | Noticed a water moccasin
  3562 | D        | Noticed a water moccasin
  3565 | D        | Killed an anaconda
  3566 | D        | Killed a water moccasin
  3568 | D        | Killed a water moccasin
  3617 | D        | Noticed an anaconda
  3617 | D        | Noticed a black mamba
  3617 | D        | Noticed an anaconda
  3620 | D        | Killed a black mamba
  3623 | D        | Killed an anaconda
  3623 | D        | Reached skill level 21 in Stealth
  3625 | D        | Killed an anaconda
  3660 | D        | Noticed a black mamba
  3660 | D        | Noticed a water moccasin
  3660 | D        | Noticed a water moccasin
  3660 | D        | Noticed a black mamba
  3662 | D        | Killed a water moccasin
  3666 | D        | Killed a black mamba
  3668 | D        | Killed a water moccasin
  3671 | D        | Killed a black mamba
  3746 | D        | Noticed a naga
  3746 | D        | Noticed a naga
  3747 | D        | Noticed a naga warrior
  3747 | D        | Noticed a greater naga
  3747 | D        | Found Lotrig's Antique Armour Boutique.
  3747 | D        | Found Qemyeret's Distillery.
  3748 | D        | Killed a naga
  3753 | D        | Killed a naga
  3764 | D        | Killed a greater naga
  3861 | D        | Found Suodd's Book Shop.
  3868 | D        | Killed a naga warrior
  3877 | D        | Noticed a guardian serpent
  3879 | D        | Killed a guardian serpent
  3879 | D        | Reached XP level 13. HP: 55/55 MP: 35/35
  3883 | D        | Got a serpentine rune of Zot
  3985 | D        | Noticed an azure jelly
  3985 | D        | Noticed an azure jelly
  3986 | D        | Noticed an elephant
  3986 | D        | Noticed an elephant
  3986 | D        | Noticed a dire elephant
  3986 | D        | Noticed a dire elephant
  3986 | D        | Noticed Gastronok
  3988 | D        | Killed Gastronok
  3988 | D        | Reached skill level 10 in Invocations
  3989 | D        | Killed a dire elephant
  3991 | D        | Killed a dire elephant
  3995 | D        | Killed an elephant
  3995 | D        | Reached skill level 22 in Stealth
  3997 | D        | Killed an elephant
  4114 | D        | Found Palicymi's Antique Weapon Emporium.
  4115 | D        | Noticed an orc wizard
  4116 | D        | Noticed an orc knight
  4116 | D        | Noticed an orc priest
  4122 | D        | Noticed an orc wizard
  4122 | D        | Noticed an orc priest
  4122 | D        | Noticed an orc priest
  4122 | D        | Noticed an orc priest
  4122 | D        | Noticed an orc warrior
  4124 | D        | Killed an orc priest
  4126 | D        | Killed an orc priest
  4127 | D        | Killed an orc knight
  4128 | D        | Killed an orc wizard
  4132 | D        | Killed an orc priest
  4134 | D        | Killed an orc warrior
  4136 | D        | Killed an orc wizard
  4137 | D        | Killed an orc priest
  4211 | D        | Bought an encrusted dagger for 161 gold pieces
  4211 | D        | Identified the +7 dagger of Armageddon {freeze, +Rage rF- MR+ Int+2} (You bought it in a shop in the Dungeon)
  4233 | D        | Noticed a deep elf summoner
  4233 | D        | Noticed a deep elf summoner
  4233 | D        | Noticed a deep elf priest
  4233 | D        | Noticed a deep elf priest
  4233 | D        | Noticed a deep elf conjurer
  4249 | D        | Killed a deep elf summoner
  4251 | D        | Killed a deep elf priest
  4262 | D        | Killed a deep elf conjurer
  4276 | D        | Killed a deep elf summoner
  4283 | D        | Killed a deep elf priest
  4390 | D        | Demolished by an azure jelly

Vault maps used:
D:        dungeon_sprint_mu

Action                   |  1- 3 |  4- 6 |  7- 9 | 10-12 | 13-15 || total
-------------------------+-------+-------+-------+-------+-------++-------
Melee: Dagger            |    17 |     7 |    48 |    99 |    21 ||   192
Throw: Throwing net      |       |       |     1 |       |       ||     1
 Cast: Corona            |     2 |       |       |       |       ||     2
       Dazzling Spray    |       |       |     6 |    47 |     9 ||    62
       Ensorcelled Hiber |       |       |    42 |    49 |     5 ||    96
       Tukima's Dance    |       |       |       |     2 |     3 ||     5
Invok: Shadow Step       |       |       |     1 |    19 |       ||    20
  Use: Potion            |     3 |     5 |       |     1 |       ||     9
       Scroll            |       |     3 |       |       |       ||     3
 Stab: Sleeping          |     4 |     7 |    37 |    54 |    11 ||   113
       Invisible         |       |       |     1 |    10 |       ||    11
       Held in net/web   |       |       |     1 |       |       ||     1
  Eat: Bread ration      |       |       |       |     1 |       ||     1
